Workbook

Sheet Products
A1: Product | B1: Price | C1: Variable cost | D1: Contribution | E1: Margin | F1: Units a month at full speed
A2: Clamshell, 2 oz, market and online | B2: 5 | C2: 1.6 | D2: =IF(OR(B2="",C2=""),"",B2-C2) -> 3.4 | E2: =IF(OR(D2="",N(B2)=0),"",D2/B2) -> 0.68 | F2: 800
A3: Restaurant mix, 1 lb bag | B3: 28 | C3: 9.6 | D3: =IF(OR(B3="",C3=""),"",B3-C3) -> 18.4 | E3: =IF(OR(D3="",N(B3)=0),"",D3/B3) -> 0.65714286 | F3: 60
A4: Live tray, 10 x 20, to restaurants and grocers | B4: 25 | C4: 6.3 | D4: =IF(OR(B4="",C4=""),"",B4-C4) -> 18.7 | E4: =IF(OR(D4="",N(B4)=0),"",D4/B4) -> 0.748 | F4: 40
D5: =IF(OR(B5="",C5=""),"",B5-C5) | E5: =IF(OR(D5="",N(B5)=0),"",D5/B5)
D6: =IF(OR(B6="",C6=""),"",B6-C6) | E6: =IF(OR(D6="",N(B6)=0),"",D6/B6)
D7: =IF(OR(B7="",C7=""),"",B7-C7) | E7: =IF(OR(D7="",N(B7)=0),"",D7/B7)
D8: =IF(OR(B8="",C8=""),"",B8-C8) | E8: =IF(OR(D8="",N(B8)=0),"",D8/B8)
D9: =IF(OR(B9="",C9=""),"",B9-C9) | E9: =IF(OR(D9="",N(B9)=0),"",D9/B9)
D10: =IF(OR(B10="",C10=""),"",B10-C10) | E10: =IF(OR(D10="",N(B10)=0),"",D10/B10)
D11: =IF(OR(B11="",C11=""),"",B11-C11) | E11: =IF(OR(D11="",N(B11)=0),"",D11/B11)
D12: =IF(OR(B12="",C12=""),"",B12-C12) | E12: =IF(OR(D12="",N(B12)=0),"",D12/B12)
D13: =IF(OR(B13="",C13=""),"",B13-C13) | E13: =IF(OR(D13="",N(B13)=0),"",D13/B13)
D14: =IF(OR(B14="",C14=""),"",B14-C14) | E14: =IF(OR(D14="",N(B14)=0),"",D14/B14)
D15: =IF(OR(B15="",C15=""),"",B15-C15) | E15: =IF(OR(D15="",N(B15)=0),"",D15/B15)
D16: =IF(OR(B16="",C16=""),"",B16-C16) | E16: =IF(OR(D16="",N(B16)=0),"",D16/B16)
... D21: =IF(OR(B21="",C21=""),"",B21-C21) | E21: =IF(OR(D21="",N(B21)=0),"",D21/B21)
A23: Variable cost is what one more unit costs: ingredients, packaging, card fees. Wages, rent and the rest go on Fixed costs.

Sheet Year one
A1: Month | C1: 1 | D1: 2 | E1: 3 | F1: 4 | G1: 5 | H1: 6 | I1: 7 | J1: 8 | K1: 9 | L1: 10 | M1: 11 | N1: 12 | O1: Year
A2: Share of full speed | C2: 0.15 | D2: 0.2 | E2: 0.25 | F2: 0.3 | G2: 0.4 | H2: 0.5 | I2: 0.6 | J2: 0.7 | K2: 0.8 | L2: 0.9 | M2: 1 | N2: 1
A4: =IF(Products!A2="","",Products!A2&" (units)") -> Clamshell, 2 oz, market and online (units) | C4: =IF(Products!A2="","",ROUND(N(Products!F2)*C$2,0)) -> 120 | D4: =IF(Products!A2="","",ROUND(N(Products!F2)*D$2,0)) -> 160 | E4: =IF(Products!A2="","",ROUND(N(Products!F2)*E$2,0)) -> 200 | F4: =IF(Products!A2="","",ROUND(N(Products!F2)*F$2,0)) -> 240 | G4: =IF(Products!A2="","",ROUND(N(Products!F2)*G$2,0)) -> 320 | H4: =IF(Products!A2="","",ROUND(N(Products!F2)*H$2,0)) -> 400 | I4: =IF(Products!A2="","",ROUND(N(Products!F2)*I$2,0)) -> 480 | J4: =IF(Products!A2="","",ROUND(N(Products!F2)*J$2,0)) -> 560 | K4: =IF(Products!A2="","",ROUND(N(Products!F2)*K$2,0)) -> 640 | L4: =IF(Products!A2="","",ROUND(N(Products!F2)*L$2,0)) -> 720 | M4: =IF(Products!A2="","",ROUND(N(Products!F2)*M$2,0)) -> 800 | N4: =IF(Products!A2="","",ROUND(N(Products!F2)*N$2,0)) -> 800 | O4: =IF(Products!A2="","",SUM(C4:N4)) -> 5440
A5: =IF(Products!A3="","",Products!A3&" (units)") -> Restaurant mix, 1 lb bag (units) | C5: =IF(Products!A3="","",ROUND(N(Products!F3)*C$2,0)) -> 9 | D5: =IF(Products!A3="","",ROUND(N(Products!F3)*D$2,0)) -> 12 | E5: =IF(Products!A3="","",ROUND(N(Products!F3)*E$2,0)) -> 15 | F5: =IF(Products!A3="","",ROUND(N(Products!F3)*F$2,0)) -> 18 | G5: =IF(Products!A3="","",ROUND(N(Products!F3)*G$2,0)) -> 24 | H5: =IF(Products!A3="","",ROUND(N(Products!F3)*H$2,0)) -> 30 | I5: =IF(Products!A3="","",ROUND(N(Products!F3)*I$2,0)) -> 36 | J5: =IF(Products!A3="","",ROUND(N(Products!F3)*J$2,0)) -> 42 | K5: =IF(Products!A3="","",ROUND(N(Products!F3)*K$2,0)) -> 48 | L5: =IF(Products!A3="","",ROUND(N(Products!F3)*L$2,0)) -> 54 | M5: =IF(Products!A3="","",ROUND(N(Products!F3)*M$2,0)) -> 60 | N5: =IF(Products!A3="","",ROUND(N(Products!F3)*N$2,0)) -> 60 | O5: =IF(Products!A3="","",SUM(C5:N5)) -> 408
A6: =IF(Products!A4="","",Products!A4&" (units)") -> Live tray, 10 x 20, to restaurants and grocers (units) | C6: =IF(Products!A4="","",ROUND(N(Products!F4)*C$2,0)) -> 6 | D6: =IF(Products!A4="","",ROUND(N(Products!F4)*D$2,0)) -> 8 | E6: =IF(Products!A4="","",ROUND(N(Products!F4)*E$2,0)) -> 10 | F6: =IF(Products!A4="","",ROUND(N(Products!F4)*F$2,0)) -> 12 | G6: =IF(Products!A4="","",ROUND(N(Products!F4)*G$2,0)) -> 16 | H6: =IF(Products!A4="","",ROUND(N(Products!F4)*H$2,0)) -> 20 | I6: =IF(Products!A4="","",ROUND(N(Products!F4)*I$2,0)) -> 24 | J6: =IF(Products!A4="","",ROUND(N(Products!F4)*J$2,0)) -> 28 | K6: =IF(Products!A4="","",ROUND(N(Products!F4)*K$2,0)) -> 32 | L6: =IF(Products!A4="","",ROUND(N(Products!F4)*L$2,0)) -> 36 | M6: =IF(Products!A4="","",ROUND(N(Products!F4)*M$2,0)) -> 40 | N6: =IF(Products!A4="","",ROUND(N(Products!F4)*N$2,0)) -> 40 | O6: =IF(Products!A4="","",SUM(C6:N6)) -> 272
A7: =IF(Products!A5="","",Products!A5&" (units)") | C7: =IF(Products!A5="","",ROUND(N(Products!F5)*C$2,0)) | D7: =IF(Products!A5="","",ROUND(N(Products!F5)*D$2,0)) | E7: =IF(Products!A5="","",ROUND(N(Products!F5)*E$2,0)) | F7: =IF(Products!A5="","",ROUND(N(Products!F5)*F$2,0)) | G7: =IF(Products!A5="","",ROUND(N(Products!F5)*G$2,0)) | H7: =IF(Products!A5="","",ROUND(N(Products!F5)*H$2,0)) | I7: =IF(Products!A5="","",ROUND(N(Products!F5)*I$2,0)) | J7: =IF(Products!A5="","",ROUND(N(Products!F5)*J$2,0)) | K7: =IF(Products!A5="","",ROUND(N(Products!F5)*K$2,0)) | L7: =IF(Products!A5="","",ROUND(N(Products!F5)*L$2,0)) | M7: =IF(Products!A5="","",ROUND(N(Products!F5)*M$2,0)) | N7: =IF(Products!A5="","",ROUND(N(Products!F5)*N$2,0)) | O7: =IF(Products!A5="","",SUM(C7:N7))
A8: =IF(Products!A6="","",Products!A6&" (units)") | C8: =IF(Products!A6="","",ROUND(N(Products!F6)*C$2,0)) | D8: =IF(Products!A6="","",ROUND(N(Products!F6)*D$2,0)) | E8: =IF(Products!A6="","",ROUND(N(Products!F6)*E$2,0)) | F8: =IF(Products!A6="","",ROUND(N(Products!F6)*F$2,0)) | G8: =IF(Products!A6="","",ROUND(N(Products!F6)*G$2,0)) | H8: =IF(Products!A6="","",ROUND(N(Products!F6)*H$2,0)) | I8: =IF(Products!A6="","",ROUND(N(Products!F6)*I$2,0)) | J8: =IF(Products!A6="","",ROUND(N(Products!F6)*J$2,0)) | K8: =IF(Products!A6="","",ROUND(N(Products!F6)*K$2,0)) | L8: =IF(Products!A6="","",ROUND(N(Products!F6)*L$2,0)) | M8: =IF(Products!A6="","",ROUND(N(Products!F6)*M$2,0)) | N8: =IF(Products!A6="","",ROUND(N(Products!F6)*N$2,0)) | O8: =IF(Products!A6="","",SUM(C8:N8))
A9: =IF(Products!A7="","",Products!A7&" (units)") | C9: =IF(Products!A7="","",ROUND(N(Products!F7)*C$2,0)) | D9: =IF(Products!A7="","",ROUND(N(Products!F7)*D$2,0)) | E9: =IF(Products!A7="","",ROUND(N(Products!F7)*E$2,0)) | F9: =IF(Products!A7="","",ROUND(N(Products!F7)*F$2,0)) | G9: =IF(Products!A7="","",ROUND(N(Products!F7)*G$2,0)) | H9: =IF(Products!A7="","",ROUND(N(Products!F7)*H$2,0)) | I9: =IF(Products!A7="","",ROUND(N(Products!F7)*I$2,0)) | J9: =IF(Products!A7="","",ROUND(N(Products!F7)*J$2,0)) | K9: =IF(Products!A7="","",ROUND(N(Products!F7)*K$2,0)) | L9: =IF(Products!A7="","",ROUND(N(Products!F7)*L$2,0)) | M9: =IF(Products!A7="","",ROUND(N(Products!F7)*M$2,0)) | N9: =IF(Products!A7="","",ROUND(N(Products!F7)*N$2,0)) | O9: =IF(Products!A7="","",SUM(C9:N9))
A10: =IF(Products!A8="","",Products!A8&" (units)") | C10: =IF(Products!A8="","",ROUND(N(Products!F8)*C$2,0)) | D10: =IF(Products!A8="","",ROUND(N(Products!F8)*D$2,0)) | E10: =IF(Products!A8="","",ROUND(N(Products!F8)*E$2,0)) | F10: =IF(Products!A8="","",ROUND(N(Products!F8)*F$2,0)) | G10: =IF(Products!A8="","",ROUND(N(Products!F8)*G$2,0)) | H10: =IF(Products!A8="","",ROUND(N(Products!F8)*H$2,0)) | I10: =IF(Products!A8="","",ROUND(N(Products!F8)*I$2,0)) | J10: =IF(Products!A8="","",ROUND(N(Products!F8)*J$2,0)) | K10: =IF(Products!A8="","",ROUND(N(Products!F8)*K$2,0)) | L10: =IF(Products!A8="","",ROUND(N(Products!F8)*L$2,0)) | M10: =IF(Products!A8="","",ROUND(N(Products!F8)*M$2,0)) | N10: =IF(Products!A8="","",ROUND(N(Products!F8)*N$2,0)) | O10: =IF(Products!A8="","",SUM(C10:N10))
A11: =IF(Products!A9="","",Products!A9&" (units)") | C11: =IF(Products!A9="","",ROUND(N(Products!F9)*C$2,0)) | D11: =IF(Products!A9="","",ROUND(N(Products!F9)*D$2,0)) | E11: =IF(Products!A9="","",ROUND(N(Products!F9)*E$2,0)) | F11: =IF(Products!A9="","",ROUND(N(Products!F9)*F$2,0)) | G11: =IF(Products!A9="","",ROUND(N(Products!F9)*G$2,0)) | H11: =IF(Products!A9="","",ROUND(N(Products!F9)*H$2,0)) | I11: =IF(Products!A9="","",ROUND(N(Products!F9)*I$2,0)) | J11: =IF(Products!A9="","",ROUND(N(Products!F9)*J$2,0)) | K11: =IF(Products!A9="","",ROUND(N(Products!F9)*K$2,0)) | L11: =IF(Products!A9="","",ROUND(N(Products!F9)*L$2,0)) | M11: =IF(Products!A9="","",ROUND(N(Products!F9)*M$2,0)) | N11: =IF(Products!A9="","",ROUND(N(Products!F9)*N$2,0)) | O11: =IF(Products!A9="","",SUM(C11:N11))
A12: =IF(Products!A10="","",Products!A10&" (units)") | C12: =IF(Products!A10="","",ROUND(N(Products!F10)*C$2,0)) | D12: =IF(Products!A10="","",ROUND(N(Products!F10)*D$2,0)) | E12: =IF(Products!A10="","",ROUND(N(Products!F10)*E$2,0)) | F12: =IF(Products!A10="","",ROUND(N(Products!F10)*F$2,0)) | G12: =IF(Products!A10="","",ROUND(N(Products!F10)*G$2,0)) | H12: =IF(Products!A10="","",ROUND(N(Products!F10)*H$2,0)) | I12: =IF(Products!A10="","",ROUND(N(Products!F10)*I$2,0)) | J12: =IF(Products!A10="","",ROUND(N(Products!F10)*J$2,0)) | K12: =IF(Products!A10="","",ROUND(N(Products!F10)*K$2,0)) | L12: =IF(Products!A10="","",ROUND(N(Products!F10)*L$2,0)) | M12: =IF(Products!A10="","",ROUND(N(Products!F10)*M$2,0)) | N12: =IF(Products!A10="","",ROUND(N(Products!F10)*N$2,0)) | O12: =IF(Products!A10="","",SUM(C12:N12))
A13: =IF(Products!A11="","",Products!A11&" (units)") | C13: =IF(Products!A11="","",ROUND(N(Products!F11)*C$2,0)) | D13: =IF(Products!A11="","",ROUND(N(Products!F11)*D$2,0)) | E13: =IF(Products!A11="","",ROUND(N(Products!F11)*E$2,0)) | F13: =IF(Products!A11="","",ROUND(N(Products!F11)*F$2,0)) | G13: =IF(Products!A11="","",ROUND(N(Products!F11)*G$2,0)) | H13: =IF(Products!A11="","",ROUND(N(Products!F11)*H$2,0)) | I13: =IF(Products!A11="","",ROUND(N(Products!F11)*I$2,0)) | J13: =IF(Products!A11="","",ROUND(N(Products!F11)*J$2,0)) | K13: =IF(Products!A11="","",ROUND(N(Products!F11)*K$2,0)) | L13: =IF(Products!A11="","",ROUND(N(Products!F11)*L$2,0)) | M13: =IF(Products!A11="","",ROUND(N(Products!F11)*M$2,0)) | N13: =IF(Products!A11="","",ROUND(N(Products!F11)*N$2,0)) | O13: =IF(Products!A11="","",SUM(C13:N13))
A14: =IF(Products!A12="","",Products!A12&" (units)") | C14: =IF(Products!A12="","",ROUND(N(Products!F12)*C$2,0)) | D14: =IF(Products!A12="","",ROUND(N(Products!F12)*D$2,0)) | E14: =IF(Products!A12="","",ROUND(N(Products!F12)*E$2,0)) | F14: =IF(Products!A12="","",ROUND(N(Products!F12)*F$2,0)) | G14: =IF(Products!A12="","",ROUND(N(Products!F12)*G$2,0)) | H14: =IF(Products!A12="","",ROUND(N(Products!F12)*H$2,0)) | I14: =IF(Products!A12="","",ROUND(N(Products!F12)*I$2,0)) | J14: =IF(Products!A12="","",ROUND(N(Products!F12)*J$2,0)) | K14: =IF(Products!A12="","",ROUND(N(Products!F12)*K$2,0)) | L14: =IF(Products!A12="","",ROUND(N(Products!F12)*L$2,0)) | M14: =IF(Products!A12="","",ROUND(N(Products!F12)*M$2,0)) | N14: =IF(Products!A12="","",ROUND(N(Products!F12)*N$2,0)) | O14: =IF(Products!A12="","",SUM(C14:N14))
A15: =IF(Products!A13="","",Products!A13&" (units)") | C15: =IF(Products!A13="","",ROUND(N(Products!F13)*C$2,0)) | D15: =IF(Products!A13="","",ROUND(N(Products!F13)*D$2,0)) | E15: =IF(Products!A13="","",ROUND(N(Products!F13)*E$2,0)) | F15: =IF(Products!A13="","",ROUND(N(Products!F13)*F$2,0)) | G15: =IF(Products!A13="","",ROUND(N(Products!F13)*G$2,0)) | H15: =IF(Products!A13="","",ROUND(N(Products!F13)*H$2,0)) | I15: =IF(Products!A13="","",ROUND(N(Products!F13)*I$2,0)) | J15: =IF(Products!A13="","",ROUND(N(Products!F13)*J$2,0)) | K15: =IF(Products!A13="","",ROUND(N(Products!F13)*K$2,0)) | L15: =IF(Products!A13="","",ROUND(N(Products!F13)*L$2,0)) | M15: =IF(Products!A13="","",ROUND(N(Products!F13)*M$2,0)) | N15: =IF(Products!A13="","",ROUND(N(Products!F13)*N$2,0)) | O15: =IF(Products!A13="","",SUM(C15:N15))
... A23: =IF(Products!A21="","",Products!A21&" (units)") | C23: =IF(Products!A21="","",ROUND(N(Products!F21)*C$2,0)) | D23: =IF(Products!A21="","",ROUND(N(Products!F21)*D$2,0)) | E23: =IF(Products!A21="","",ROUND(N(Products!F21)*E$2,0)) | F23: =IF(Products!A21="","",ROUND(N(Products!F21)*F$2,0)) | G23: =IF(Products!A21="","",ROUND(N(Products!F21)*G$2,0)) | H23: =IF(Products!A21="","",ROUND(N(Products!F21)*H$2,0)) | I23: =IF(Products!A21="","",ROUND(N(Products!F21)*I$2,0)) | J23: =IF(Products!A21="","",ROUND(N(Products!F21)*J$2,0)) | K23: =IF(Products!A21="","",ROUND(N(Products!F21)*K$2,0)) | L23: =IF(Products!A21="","",ROUND(N(Products!F21)*L$2,0)) | M23: =IF(Products!A21="","",ROUND(N(Products!F21)*M$2,0)) | N23: =IF(Products!A21="","",ROUND(N(Products!F21)*N$2,0)) | O23: =IF(Products!A21="","",SUM(C23:N23))
A25: Sales | C25: =SUMPRODUCT(Products!$B$2:$B$21,C4:C23) -> 1002 | D25: =SUMPRODUCT(Products!$B$2:$B$21,D4:D23) -> 1336 | E25: =SUMPRODUCT(Products!$B$2:$B$21,E4:E23) -> 1670 | F25: =SUMPRODUCT(Products!$B$2:$B$21,F4:F23) -> 2004 | G25: =SUMPRODUCT(Products!$B$2:$B$21,G4:G23) -> 2672 | H25: =SUMPRODUCT(Products!$B$2:$B$21,H4:H23) -> 3340 | I25: =SUMPRODUCT(Products!$B$2:$B$21,I4:I23) -> 4008 | J25: =SUMPRODUCT(Products!$B$2:$B$21,J4:J23) -> 4676 | ... N25: =SUMPRODUCT(Products!$B$2:$B$21,N4:N23) -> 6680 | O25: =SUM(C25:N25) -> 45424
A26: Contribution | C26: =SUMPRODUCT(Products!$D$2:$D$21,C4:C23) -> 685.8 | D26: =SUMPRODUCT(Products!$D$2:$D$21,D4:D23) -> 914.4 | E26: =SUMPRODUCT(Products!$D$2:$D$21,E4:E23) -> 1143 | F26: =SUMPRODUCT(Products!$D$2:$D$21,F4:F23) -> 1371.6 | G26: =SUMPRODUCT(Products!$D$2:$D$21,G4:G23) -> 1828.8 | H26: =SUMPRODUCT(Products!$D$2:$D$21,H4:H23) -> 2286 | I26: =SUMPRODUCT(Products!$D$2:$D$21,I4:I23) -> 2743.2 | J26: =SUMPRODUCT(Products!$D$2:$D$21,J4:J23) -> 3200.4 | ... N26: =SUMPRODUCT(Products!$D$2:$D$21,N4:N23) -> 4572 | O26: =SUM(C26:N26) -> 31089.6
A27: Fixed costs | C27: ='Fixed costs'!$B$22 -> 480 | D27: ='Fixed costs'!$B$22 -> 480 | E27: ='Fixed costs'!$B$22 -> 480 | F27: ='Fixed costs'!$B$22 -> 480 | G27: ='Fixed costs'!$B$22 -> 480 | H27: ='Fixed costs'!$B$22 -> 480 | I27: ='Fixed costs'!$B$22 -> 480 | J27: ='Fixed costs'!$B$22 -> 480 | ... N27: ='Fixed costs'!$B$22 -> 480 | O27: =SUM(C27:N27) -> 5760
A28: Profit | C28: =C26-C27 -> 205.8 | D28: =D26-D27 -> 434.4 | E28: =E26-E27 -> 663 | F28: =F26-F27 -> 891.6 | G28: =G26-G27 -> 1348.8 | H28: =H26-H27 -> 1806 | I28: =I26-I27 -> 2263.2 | J28: =J26-J27 -> 2720.4 | ... N28: =N26-N27 -> 4092 | O28: =SUM(C28:N28) -> 25329.6
A29: Cash, start of year to date | C29: =C28 -> 205.8 | D29: =C29+D28 -> 640.2 | E29: =D29+E28 -> 1303.2 | F29: =E29+F28 -> 2194.8 | G29: =F29+G28 -> 3543.6 | H29: =G29+H28 -> 5349.6 | I29: =H29+I28 -> 7612.8 | J29: =I29+J28 -> 10333.2 | K29: =J29+K28 -> 13510.8 | ... N29: =M29+N28 -> 25329.6
A31: Helper: months with a profit | C31: =IF(C28>0,C$1,99) -> 1 | D31: =IF(D28>0,D$1,99) -> 2 | E31: =IF(E28>0,E$1,99) -> 3 | F31: =IF(F28>0,F$1,99) -> 4 | G31: =IF(G28>0,G$1,99) -> 5 | H31: =IF(H28>0,H$1,99) -> 6 | I31: =IF(I28>0,I$1,99) -> 7 | J31: =IF(J28>0,J$1,99) -> 8 | ... N31: =IF(N28>0,N$1,99) -> 12
A33: First month with a profit | C33: =IF(MIN(C31:N31)=99,"Not in year one",MIN(C31:N31)) -> 1
A34: Lowest cash point in the year | C34: =MIN(C29:N29) -> 205.8
A35: Working cash in the startup budget | C35: =Startup!B22 -> 1500
A36: Short by | C36: =MAX(0,-C34-C35) -> 0
A38: Change the share of full speed in row 2 to match how fast you think sales will come. Cash below zero turns red.

Sheet Fixed costs
A1: Fixed cost | B1: A month
A2: Power for lights and fans | B2: 120
A3: Market fees, four Saturdays | B3: 160
A4: Vehicle | B4: 100
A5: Insurance | B5: 40
A6: Website and online orders | B6: 30
A7: Software and card fees | B7: 30
A22: Fixed costs a month | B22: =SUM(B2:B21) -> 480

Sheet Startup
A1: Startup cost | B1: Amount
A2: Racks and LED grow lights for 100 trays | B2: 1800
A3: Trays and lids, 120 | B3: 400
A4: Seeds, first order | B4: 400
A5: Growing medium | B5: 200
A6: Fans, humidity and temperature monitors | B6: 250
A7: Harvest scissors, scale and wash station | B7: 150
A8: Clamshells, bags and labels | B8: 350
A9: Market tent and table | B9: 300
A10: Product liability insurance, first year | B10: 450
A11: Licenses and registration | B11: 100
A21: Startup costs, before working cash | B21: =SUM(B2:B20) -> 4400
A22: Working cash | B22: 1500
A23: Total to start | B23: =B21+B22 -> 5900

Sheet Read me
A1: Microgreens business plan: first-year numbers
A2: From the article: https://www.tarostack.com/articles/microgreens-business-plan
A4: Products: each product's price, what one more unit costs, and how many you expect to sell a month once sales are at full speed.
A5: Year one: sales ramp up month by month (change the shares in row 2). It works out sales, contribution, fixed costs, profit and cash for each month, the first month with a profit, the lowest cash point, and whether the working cash in your budget covers it.
A6: Fixed costs: what you pay every month whatever you sell. Startup: what you spend before the first sale, and the working cash you start with.
A8: Works in Excel (2010 and later), Google Sheets, LibreOffice and Numbers. No macros.
A9: Free to use and change. Made by TaroStack, inventory and production software for small producers: https://www.tarostack.com
